 Dungeon Crawl Stone Soup version 0.21.1-1-g345015fe64 (webtiles) character file.

151 Jens78 the Ruffian (level 5, 0/48 HPs)
             Began as a Troll Transmuter on June 8, 2018.
             Succumbed to Sigmund's poison
             ... on level 3 of the Dungeon.
             The game lasted 00:11:51 (1632 turns).

Jens78 the Ruffian (Troll Transmuter)               Turns: 1632, Time: 00:11:51

Health: 0/48       AC:  5    Str: 19    XL:     5   Next: 11%
Magic:  2/6        EV: 10    Int:  9    God:
Gold:   114        SH:  0    Dex: 10    Spells: 4/7 levels left

rFire    . . .     SeeInvis .     - Unarmed
rCold    . . .     Gourm    +   (no shield)
rNeg     . . .     Faith    .   b - +0 robe
rPois    .         Spirit   .   (helmet restricted)
rElec    .         Reflect  .   (no cloak)
rCorr    .         Harm     .   (gloves unavailable)
MR       +....                  (boots unavailable)
Stlth    +.........             (no amulet)
HPRegen  0.56/turn              r - ring of protection from magic
MPRegen  0.10/turn              (no ring)

@: lethally poisoned (0 -> -32), about to teleport, very slightly contaminated
A: large, unfitting armour, claws 3, fast metabolism 3, gourmand, regeneration
1, shaggy fur 1, tough skin 2
a: no special abilities


You were on level 3 of the Dungeon.
You were completely stuffed.

You visited 1 branch of the dungeon, and saw 3 of its levels.

You collected 114 gold pieces.

Inventory:

Hand Weapons
 m - a +1 dagger of electrocution
Missiles
 a - 35 arrows
 f - 14 curare-tipped needles
 l - 48 stones (quivered)
 p - 7 poisoned needles
Armour
 b - a +0 robe (worn)
Jewellery
 r - a ring of protection from magic (left claw)
Wands
 j - a wand of paralysis (13)
Scrolls
 i - 2 scrolls of enchant armour {unknown}
 k - 3 scrolls of identify {unknown}
 n - 2 scrolls of enchant weapon {unknown}
 o - a scroll of fear {unknown}
 q - a scroll of magic mapping {unknown}
 t - a scroll of remove curse {unknown}
Potions
 e - a potion of haste {unknown}
 g - a potion of agility {unknown}
 u - a potion of lignification {unknown}
Books
 c - a book of Changes

   Spells                             Type                      Level
   a - Beastly Appendage              Transmutation                1
   b - Sticks to Snakes               Transmutation                2
   c - Spider Form                    Transmutation/Poison         3
   d - Ice Form                       Ice/Transmutation            4
   e - Blade Hands                    Transmutation                5
Comestibles
 d - 7 rations


   Skills:
 + Level 1.0 Fighting
 + Level 2.1 Dodging
 + Level 4.3 Unarmed Combat
 + Level 1.7 Spellcasting
 * Level 2.4 Transmutations


You had 4 spell levels left.
You knew the following spells:

 Your Spells              Type           Power        Failure   Level  Hunger
a - Beastly Appendage     Tmut           #.....       13%         1    ##.....
b - Sticks to Snakes      Tmut           #.......     19%         2    ###....


Dungeon Overview and Level Annotations

Branches:
Dungeon (3/15)

Altars:
Gozag

Annotations:
D:3 Sigmund


Innate Abilities, Weirdness & Mutations

You are too large for most types of armour.
You have claws for hands.
Your metabolism is lightning-fast.
You like to eat raw meat.
Your natural rate of healing is unusually fast.
You are covered in fur. (AC +1)
You have very tough skin. (AC +2)


Message History

The adder skeleton barely misses you. Something hits you.
You are more poisoned.
You scratch something.
You feel sick. The giant cockroach bites you. The adder skeleton bites you.
A rat comes into view.
You scratch something.
You feel sick. The giant cockroach barely misses you. Something hits you!
* * * LOW HITPOINT WARNING * * *
You are more poisoned.
The adder skeleton barely misses you.
As you read the scroll labeled ESHODU TEAT, it crumbles to dust.
You feel strangely unstable.
It was a scroll of teleportation.
* * * LOW HITPOINT WARNING * * *
You feel very sick. The giant cockroach misses you.
The adder skeleton closely misses you.
* * * LOW HITPOINT WARNING * * *
You feel very sick. Something hits you but does no damage.
You are more poisoned.
You die...

.# #..........# .##
#..........# ..#
#..........#
..#####..........##.......
.......รท..........+.....r.
+#.####).........##.......
.#.####..........# ...?...
.#...............# .......
.#..............@##.......
.#......####......#.......
.................sZ{...>#
......................#.#
.#.######.##......###.#
....# #. #......# .. ....#
#....... .# ....#####
#....... # .........
#.......


You could see a giant cockroach and an adder skeleton.

Vanquished Creatures
  A howler monkey (D:2)
  3 gnolls (D:2)
  2 adders
  3 dart slugs
  2 leopard geckos (D:2)
  An orc (D:3)
  3 giant cockroaches
  9 goblins
  3 hobgoblins
  2 jackals (D:1)
  6 kobolds
  A quokka (D:2)
  7 bats
  7 frilled lizards
  4 rats
54 creatures vanquished.

Vanquished Creatures (others)
  7 toadstools (D:1)
7 creatures vanquished.

Grand Total: 61 creatures vanquished

Notes
Turn   | Place    | Note
-------+----------+-------------------------------------------
     0 | D:1      | Jens78 the Troll Transmuter began the quest for the Orb.
     0 | D:1      | Reached XP level 1. HP: 18/18 MP: 1/1
   143 | D:2      | Noticed a howler monkey
   161 | D:1      | Reached XP level 2. HP: 22/26 MP: 2/2
   310 | D:1      | Reached XP level 3. HP: 32/32 MP: 3/3
   934 | D:2      | Reached skill level 4 in Unarmed Combat
   934 | D:2      | Reached XP level 4. HP: 37/40 MP: 3/5
   959 | D:2      | Reached skill level 1 in Fighting
  1143 | D:2      | Learned a level 2 spell: Sticks to Snakes
  1499 | D:3      | Reached XP level 5. HP: 42/48 MP: 4/6
  1500 | D:3      | Found an opulent altar of Gozag.
  1614 | D:3      | Noticed Sigmund
  1632 | D:3      | Succumbed to Sigmund's poison

Skill      XL: |  1  2  3  4 |
---------------+-------------+-----
Transmutations | 2 |  2.4
Unarmed Combat | 4 |  4.3
Fighting       | 1 |  1.0
Dodging        | 2 |  2.1
Spellcasting   | |  1.7

Action                   |  1- 3 |  4- 6 || total
-------------------------+-------+-------++-------
Melee: Unarmed           |    73 |    57 ||   130
       Kick              |     6 |     3 ||     9
       Headbutt          |     1 |     1 ||     2
Throw: Stone             |       |     2 ||     2
 Cast: Beastly Appendage |    15 |    12 ||    27
       Sticks to Snakes  |       |     1 ||     1
  Use: Scroll            |       |     1 ||     1
  Eat: Chunk             |    15 |     7 ||    22
Armor: Robe              |    36 |    21 ||    57
Dodge: Dodged            |    52 |    30 ||    82
